AoeStats
← 平民老百姓

MegaRandom

504404593Analyzed
4v4 RM · 28d ago on Sep 5, 2026· 46m 33s· 8 players
Game mode
Random Map
Map size
Large (8 player)
Population
200
Speed
Normal
Resources
Standard
Victory
Conquest
Starting age
Dark Age
Ending age
Imperial Age
RankedLock teamsTeams togetherTeam positionsShared explorationLock speedFull tech treeHidden civsTurbo modeCheats
Victory
Defeat
🇨🇳 Jurchens · China
1250
+15
🇹🇼 Spanish · Taiwan
1215
+16
🇹🇼 Khitans · Taiwan
1196
+17
🇨🇳 Armenians · China
1164
+18
🇲🇽 Italians · Mexico
1374
-22
🇲🇽 Tupi · Mexico
1290
-19
🇲🇽 Cumans · Mexico
1127
-13
🇲🇽 Goths · Mexico
1100
-12
kongdu
11:58 Loom
15:00 Feudal Age
20:12 Castle Age
19:18 Forging
38:09 Wheelbarrow
38:04 Husbandry
41:46 Double-Bit Axe
42:35 Scale Barding Armor
45:32 Caravan
平民老百姓
6:31 Loom
16:04 Feudal Age
21:03 Castle Age
19:21 Horse Collar
20:15 Stone Mining
20:12 Double-Bit Axe
25:29 Bloodlines
25:19 Husbandry
26:07 Padded Archer Armor
34:29 Stone Shaft Mining
33:45 Gold Mining
34:01 Heavy Plow
37:15 Wheelbarrow
38:43 Hand Cart
39:12 Forging
39:08 Scale Barding Armor
45:18 Imperial Age
45:53 Cavalier
47:15 Iron Casting
46:45 Scale Barding Armor
2263430749
5:25 Loom
16:31 Feudal Age
22:38 Castle Age
20:44 Man-at-Arms
21:34 Long Swordsman
22:57 Two-Handed Swordsman
23:38 Squires
23:26 Gambesons
27:49 Forging
27:41 Scale Mail Armor
Hakka
3:24 Loom
13:53 Feudal Age
15:42 Bloodlines
16:10 Double-Bit Axe
18:01 Fletching
18:12 Padded Archer Armor
20:55 Horse Collar
27:22 Castle Age
27:34 Pikeman
32:56 Wheelbarrow
32:57 Bow Saw
33:44 Town Watch
43:11 Caravan
43:58 Town Watch
DLM15
5:30 Loom
11:48 Feudal Age
17:07 Town Watch
20:14 Wheelbarrow
24:09 Castle Age
22:50 Bloodlines
22:44 Horse Collar
24:01 Scale Barding Armor
27:38 Forging
30:37 Double-Bit Axe
32:27 Bow Saw
35:41 Fletching
38:36 Bodkin Arrow
39:34 Crossbowman
NF I Odysseo
15:58 Feudal Age
14:14 Loom
16:52 Double-Bit Axe
23:39 Castle Age
van van
12:06 Loom
15:28 Feudal Age
17:34 Double-Bit Axe
19:20 Horse Collar
23:56 Castle Age
23:37 Town Watch
24:52 Bloodlines
26:05 Pikeman
28:42 Capped Ram
36:08 Wheelbarrow
FERGA LARGA
5:06 Loom
15:34 Feudal Age
20:11 Castle Age
22:24 Fletching
29:07 Bodkin Arrow
34:31 Ballistics
34:16 Double-Bit Axe
Connection lost

Rejoining the realm…

Still unreachable

The connection could not be restored.

Session expired

The server has moved on; the page needs a fresh start.